 Dungeon Crawl Stone Soup version 0.31.0-11-ge490571c62 (webtiles) character file.

Game seed: 11222291945052785943

120 Zeia the Conjurer (level 4, -1/33 HPs)
             Began as a Draconian Conjurer on Jan 28, 2024.
             Killed by nerve-wracking pain
             ... invoked by an orc priest
              (11 damage)
             ... on level 2 of the Dungeon.
             The game lasted 00:05:21 (2738 turns).

Zeia the Conjurer (Draconian Conjurer)              Turns: 2738, Time: 00:05:22

Health: -1/33      AC:  6    Str: 10    XL:     4   Next: 75%
Magic:  3/8        EV: 12    Int: 20    God:
Gold:   143        SH:  0    Dex:  9    Spells: 8/9 levels left

rFire   . . .        e - +0 dagger
rCold   . . .        (no shield)
rNeg    . . .        (body armour unavailable)
rPois   .            (helmet restricted)
rElec   .            (no cloak)
rCorr   .            i - +0 pair of gloves
SInv    .            (no boots)
Will    .....        (no amulet)
Stlth   ++           (no ring)
HPRegen 0.25/turn    (no ring)
MPRegen 0.11/turn

%: no passive effects
@: no status effects
A: AC +5, unfitting armour, cold-blooded
a: no special abilities


You were on level 2 of the Dungeon.
You visited 1 branch of the dungeon, and saw 3 of its levels.

You collected 143 gold pieces.

Inventory:

Hand Weapons
 e - a +0 dagger (weapon)
Armour
 i - a +0 pair of gloves (worn)
Jewellery
 g - a ring of fire
Wands
 k - a wand of polymorph (7)
Scrolls
 b - a scroll of enchant armour {unknown}
 d - a scroll of torment {unknown}
 f - 2 scrolls of identify {unknown}
 j - a scroll of brand weapon {unknown}
Potions
 a - a potion of magic
 c - a potion of brilliance {unknown}
 h - 3 potions of mutation {unknown}


   Skills:
 + Level 3.0 Dodging
 - Level 1.7 Stealth
 + Level 3.1 Spellcasting
 + Level 4.7 Conjurations


You had 8 spell levels left.
You knew the following spells:

 Your Spells              Type           Power      Damage    Failure   Level
a - Magic Dart            Conj           88%        1d7       1%          1

Your spell library contained the following spells:

 Spells                   Type           Power      Damage    Failure   Level
 Searing Ray              Conj           44%        2d6       3%          2
 Summon Ice Beast         Ice/Summ       3%         N/A       38%         3
 Tukima's Dance           Hex            3%         N/A       38%         3
 Fulminant Prism          Conj/Alch      6%         3d7       45%         4
 Iskenderun's Mystic Bla  Conj/Tloc      12%        2d5       45%         4
 Dimensional Bullseye     Hex/Tloc       1%         N/A       80%         4
 Summon Mana Viper        Hex/Summ       3%         N/A       98%         5
 Monstrous Menagerie      Summ           1%         N/A       100%        7


Dungeon Overview and Level Annotations

Branches:
Dungeon (3/15)

Altars:
Dithmenos
Yredelemnul

Annotations:
D:2 Sigmund


Innate Abilities, Weirdness & Mutations

Your plain brown scales are hard. (AC +5)
You cannot fit into any form of body armour.
You are cold-blooded and may be slowed by cold attacks.


Message History

Confirm with . or Enter, or press ? or * to list all spells.
Okay, then.
The orc misses you. The orc priest barely misses you.
You hit the orc priest.
Your tail-slap misses the orc priest.
The orc priest is lightly wounded.
The orc misses you.
The orc priest hits you with a +0 dagger.
You hit the orc priest. You tail-slap the orc priest.
The orc priest is heavily wounded.
The orc closely misses you.
The orc priest hits you but does no damage.
You hit the orc priest but do no damage.
The orc priest is heavily wounded.
The orc misses you. The orc priest closely misses you.
You hit the orc priest.
The orc priest is heavily wounded.
The orc hits you but does no damage.
The orc priest hits you but does no damage.
You hit the orc priest but do no damage.
The orc priest is heavily wounded.
The orc hits you with a +0 dagger.
The orc priest hits you but does no damage.
You barely miss the orc priest.
The orc priest is heavily wounded.
The orc hits you but does no damage.
The orc priest looks braver for a moment.
You hit the orc priest but do no damage.
The orc priest is heavily wounded.
The orc hits you with a +0 dagger.
The orc priest hits you but does no damage.
You hit the orc priest.
The orc priest is severely wounded.
The orc hits you with a +0 dagger.
The orc priest miscasts a cantrip.
You barely miss the orc priest.
The orc priest is severely wounded.
The orc hits you but does no damage.
The orc priest calls down the wrath of Beogh upon you.
Pain shoots through your body!
You die...

### ###### #.#
.....############o#
................@>#
####.############o#
#.# #######.# #.#
#.......#
#.######.####..#
#........####.##
####........##...#
............##.###
...............#


You could see an orc priest and an orc.

Vanquished Creatures
  Robin (D:2)
  A gnoll (D:3)
  4 adders
  A dart slug (D:2)
  4 orcs (D:3)
  5 bats
  4 endoplasms (D:2)
  2 giant cockroaches (D:2)
  14 goblins
  A hobgoblin (D:2)
  4 jackals
  3 ball pythons
  4 frilled lizards
  4 kobolds
  6 rats
58 creatures vanquished.

Notes
Turn   | Place    | Note
-------+----------+-------------------------------------------
     0 | D:1      | Zeia the Draconian Conjurer began the quest for the Orb.
     0 | D:1      | Reached XP level 1. HP: 14/14 MP: 3/3
    74 | D:1      | Found a faded altar of an unknown god.
   898 | D:2      | Reached XP level 2. HP: 20/20 MP: 0/5
  1027 | D:2      | Noticed Sigmund
  1315 | D:2      | Reached XP level 3. HP: 26/26 MP: 0/6
  1374 | D:2      | Found a shadowy altar of Dithmenos.
  1667 | D:2      | Noticed Robin
  1920 | D:2      | Killed Robin
  1921 | D:2      | Reached XP level 4. HP: 29/33 MP: 2/8
  2711 | D:3      | Found a basalt altar of Yredelemnul.
  2738 | D:2      | Killed from afar by an orc priest

Illustrated notes

Levels and vault maps discovered:
D:1:      saegor_arrival_under_anarchy, layout_basic,
          chequers_ecumenical_altar_simple_redux
D:2:      layout_basic, basic_altar, uniq_robin, uniq_sigmund
D:3:      layout_rooms, mainiacjoe_overflow_chevrons, hangedman_glass_teeth

Skill      XL: |  1  2  3  4 |
---------------+-------------+-----
Dodging        | 2 3 |  3.0
Spellcasting   | 3 |  3.1
Stealth        | |  1.7
Conjurations   | |  4.7

Action                     |  1- 3 |  4- 6 || total
---------------------------+-------+-------++-------
  Melee: Dagger            |    30 |    61 ||    91
         Tailslap          |     2 |     8 ||    10
         Punch             |     1 |       ||     1
   Cast: Magic Dart        |    69 |    39 ||   108
 Armour: Skin              |    20 |    60 ||    80
  Dodge: Dodged            |    18 |    60 ||    78
